 Dungeon Crawl Stone Soup version 0.20-a0-454-g2b43fbb (webtiles) character file.

38868 towersofbeng the Carver (level 13, -9/108 HPs)
             Began as a Demigod Gladiator on Jan 9, 2017.
             Killed from afar by a spark wasp (26 damage)
             ... with a living lightning
             ... on level 2 of the Lair of Beasts.
             The game lasted 00:52:00 (16068 turns).

towersofbeng the Carver (Demigod Gladiator)        Turns: 16068, Time: 00:52:01

Health: -9/108     AC: 21    Str: 22 (23) XL:     13   Next: 32%
Magic:  19/19      EV: 11    Int: 11 (12) God:
Gold:   1857       SH: 13    Dex: 21      Spells: 6/12 levels left

rFire  + . .     SeeInvis +     G - +5 long sword (slice)
rCold  . . .     Gourm    .     Z - +1 plate armour
rNeg   . . .     Faith    .     C - +0 shield
rPois  +         Spirit   .     (helmet restricted)
rElec  .         Reflect  .     m - +2 cloak {rPois}
rCorr  .         Harm     .     D - +0 pair of gloves
MR     +....                    R - +0 pair of boots
Stlth  ..........               z - amulet of regeneration
                                u - ring of protection from fire
                                e - ring of see invisible

@: no status effects
A: horns 1, agile 1, blink, deterioration 1, high mp 1, mutation resistance 1
a: Blink


You were on level 2 of the Lair of Beasts.
You were not hungry.

You visited 5 branches of the dungeon, and saw 18 of its levels.
You also visited: Sewer.

You collected 2184 gold pieces.
You spent 327 gold pieces at shops.

Inventory:

Hand Weapons
 a - the +2 dagger "Xott" {pierce, Int+6}
   (You found it on level 1 of the Lair of Beasts)

   It inflicts extra damage upon your enemies.
   It affects your intelligence (+6).
 G - a +5 long sword of slicing (weapon)
Missiles
 d - 3 throwing nets
 l - a tomahawk of dispersal (quivered)
Armour
 c - the +0 leather armour of Life {rC++ MP+9}
   (You found it on level 1 of the Lair of Beasts)

   It greatly protects you from cold.
   It affects your magic capacity (+9).
 m - a +2 cloak of poison resistance (worn)
 o - a +1 ring mail of fire resistance
 C - a +0 shield (worn)
 D - a +0 pair of gloves (worn)
 R - a +0 pair of boots (worn)
 Z - a +1 plate armour (worn)
Jewellery
 e - a ring of see invisible (left hand)
 u - a ring of protection from fire (right hand)
 z - an amulet of regeneration (around neck)
 W - an uncursed ring of positive energy
Wands
 r - a wand of clouds (0/9)
 s - a wand of lightning (7/15)
 x - a wand of flame (21/48)
 A - a wand of iceblast (0/15)
 B - a wand of iceblast (1/15)
 I - a wand of flame (3/48)
 J - a wand of polymorph (2/24)
Scrolls
 b - a scroll of immolation {unknown}
 h - 3 scrolls of teleportation
 p - a scroll of fear
 t - a scroll of enchant armour
 v - a scroll of remove curse
 y - 2 scrolls of torment
 L - a scroll of identify
 N - a scroll of amnesia
 V - 4 scrolls of recharging
 X - 3 scrolls of blinking
Potions
 g - a potion of heal wounds
 j - 8 potions of curing
 k - a potion of might
 w - a potion of haste
 E - a potion of brilliance
 M - 5 potions of lignification
 P - 3 potions of flight
 S - a potion of ambrosia
Comestibles
 f - 5 bread rations
 i - 8 meat rations
 n - 3 slices of pizza
 q - 5 chunks of flesh
 O - 32 fruits
 U - a royal jelly


   Skills:
 + Level 8.7 Fighting
 + Level 12.4 Long Blades
 + Level 1.8 Throwing
 + Level 9.4 Armour
 + Level 7.4 Dodging
 - Level 0.2 Stealth
 + Level 10.7 Shields
 + Level 3.3 Evocations


You had 6 spell levels left.
You knew the following spells:

 Your Spells              Type           Power        Failure   Level  Hunger
a - Blink                 Tloc           N/A          100%        2    ###....
b - Magic Dart            Conj           #...         100%        1    ##.....
c - Mephitic Cloud        Conj/Pois/Air  #.......     100%        3    ####...


Dungeon Overview and Level Annotations

Branches:
Dungeon (12/15)            Temple (1/1) D:4            Lair (2/6) D:9
    Orc (2/2) D:9             Elf (1/3) Orc:2
  Swamp: Lair:2-4    Shoals: Lair:2-4     Snake: Lair:2-4    Spider: Lair:2-4

Shops:
Orc:1 *   Orc:2 ??*!

Annotations:
D:12 Azrael


Innate Abilities, Weirdness & Mutations

You have an increased reservoir of magic. (+10% MP)
You have a pair of small horns on your head.
You are agile. (Dex +2)
You can translocate small distances at will.
Your body sometimes deteriorates upon taking damage.
You are somewhat resistant to further mutation.


Message History

Unknown command.
The spark wasp bursts into living lightning!
The living lightning misses you. x2; The spark wasp blinks! x4
The spark wasp stings you!
* * * LOW HITPOINT WARNING * * *
The spark wasp shocks you!
* * * LOW HITPOINT WARNING * * *
You hit the spark wasp but do no damage.
Your headbutt misses the spark wasp.
The spark wasp is almost dead.
You block the spark wasp's attack.
You hit the spark wasp but do no damage.
The spark wasp is almost dead.
You block the spark wasp's attack.
You miss the spark wasp.
You headbutt the spark wasp, but do no damage.
The spark wasp is almost dead.
The spark wasp bursts into living lightning!
The living lightning hits you!
You die...

#.##.P.#P.......#..#
##.......#......##
#...#####...P##.
##..#.8.#...... .
#.......#.#.#..
#.#8.>.8#.##.#.. #
#.#......†...... #.
#.##...#..###...
...####.@Y#+#.#.†#
##.....###y....###.....#
#....#Y.Y.Y...#.# .#..#.
......?Y..Y...#..# . ...
#...8.YY+.#.8.#.+.. 8 ..
+.......#.....#.#.....
#...#...#.$.....# ###
##.....###.....## #...##
#..+##..


You could see a spark wasp and 3 yaks.

Vanquished Creatures
  A stone giant (Orc:2)
  Erolcha (D:9)
  23 two-headed ogres
  4 ogre magi (Orc:2)
  Urug (Orc:1)
  Pikel (D:8)
  A cyclops (D:12)
  6 deep elf magi
  An orc sorcerer (Orc:1)
  A centaur zombie (D:10)
  2 ugly things (D:11)
  Maurice (D:12)
  Joseph (Lair:1)
  2 spiny frogs (Lair:1)
  2 trolls
  Prince Ribbit (Lair:1)
  A hornet (D:11)
  4 hippogriffs
  4 blink frogs (Lair:1)
  A vampire (D:9)
  A wraith (D:12)
  11 yaks
  2 fire elementals (D:12)
  Grum (D:8)
  3 hungry ghosts
  Menkaure (D:7)
  Duvessa (D:7)
  2 water moccasins
  5 porcupines (Lair:1)
  9 orc warriors
  2 black bears (D:10)
  A slave (D:8)
  3 sky beasts
  A necrophage (D:9)
  4 ice beasts
  2 phantoms
  An eye of draining (D:6)
  42 ogres
  3 centaurs
  3 wolves (D:8)
  2 crocodiles
  3 big kobolds
  14 bullfrogs
  A gnoll sergeant (D:7)
  Dowan (D:7)
  5 scorpions
  5 killer bees (D:10)
  10 wights
  The ghost of Piginabag the Skirmisher, a weakling DsHu of Gozag (D:3)
  9 howler monkeys
  9 crimson imps
  4 jellies
  A quasit (D:11)
  8 hounds
  4 bullfrog zombies
  2 bullfrog skeletons
  11 orc priests
  14 orc wizards
  7 iguanas
  13 worker ants
  A hound zombie (D:8)
  2 hound skeletons
  Robin (D:3)
  26 adders
  8 gnolls (D:7)
  A shadow imp (D:6)
  9 oozes
  5 worms
  2 adder skeletons
  An adder zombie (D:10)
  A dart slug (D:1)
  16 leopard geckos
  35 orcs
  13 giant cockroaches
  24 goblins
  9 hobgoblins
  9 jackals
  3 quokkas
  11 ball pythons
  8 bats
  15 frilled lizards
  10 kobolds
  A quokka zombie (D:6)
  9 rats
501 creatures vanquished.

Vanquished Creatures (others)
  2 slaves (D:8)
  A bullfrog (D:8)
  A wight (D:8)
  A jelly (D:8)
  A shadow imp (D:8)
6 creatures vanquished.

Grand Total: 507 creatures vanquished

Notes
Turn   | Place    | Note
-------+----------+-------------------------------------------
     0 | D:1      | towersofbeng the Demigod Gladiator began the quest for the Orb.
     0 | D:1      | Reached XP level 1. HP: 17/17 MP: 3/3
   146 | D:1      | Reached XP level 2. HP: 16/24 MP: 4/4
   148 | D:1      | Reached skill level 3 in Long Blades
   667 | D:2      | Found a shadowy altar of Dithmenos.
   878 | D:2      | Reached XP level 3. HP: 29/29 MP: 5/5
  1417 | D:2      | Reached skill level 1 in Armour
  1551 | D:2      | Found a radiant altar of Vehumet.
  1560 | D:2      | Found a stormy altar of Qazlal.
  1852 | D:3      | Found a sparkling altar of Nemelex Xobeh.
  1923 | D:3      | Found a glowing drain.
  1925 | D:3      | Reached XP level 4. HP: 36/36 MP: 6/6
  1954 | Sewer    | Entered a sewer
  2057 | Sewer    | Gained mutation: You have a pair of small horns on your head. [potion of mutation]
  2057 | Sewer    | Gained mutation: You are agile. (Dex +2) [potion of mutation]
  2073 | Sewer    | Learned a level 2 spell: Blink
  2075 | Sewer    | Learned a level 1 spell: Magic Dart
  2215 | Sewer    | Reached skill level 4 in Long Blades
  2284 | Sewer    | Reached XP level 5. HP: 40/42 MP: 7/7
  2600 | Sewer    | Reached XP level 6. HP: 22/50 MP: 8/8
  3317 | D:3      | Noticed Robin
  3322 | D:3      | Noticed Piginabag's ghost (weakling DsHu)
  3331 | D:3      | Killed Piginabag's ghost
  3331 | D:3      | Reached skill level 5 in Long Blades
  3334 | D:3      | Killed Robin
  3346 | D:3      | Got a blackened helmet
  3885 | D:4      | Found a staircase to the Ecumenical Temple.
  4134 | D:4      | Reached XP level 7. HP: 55/57 MP: 9/9
  4194 | D:4      | Identified the cursed +0 helmet of Qaonode {Int+3} (You took it off Robin on level 3 of the Dungeon)
  4418 | D:4      | Gained mutation: You are somewhat resistant to further mutation. [potion of beneficial mutation]
  4533 | D:5      | Entered Level 5 of the Dungeon
  4706 | D:5      | Found a shimmering altar of Xom.
  5223 | D:5      | Found a glowing silver altar of Zin.
  5481 | D:6      | Reached skill level 6 in Long Blades
  5576 | D:6      | Got a faintly glowing whip
  5577 | D:6      | Identified the +4 whip of the Shrike {holy, rPois Str-2 Int+4} (You found it on level 6 of the Dungeon)
  5630 | D:6      | Learned a level 3 spell: Mephitic Cloud
  5666 | D:6      | Reached skill level 1 in Shields
  5725 | D:6      | Reached XP level 8. HP: 56/66 MP: 10/10
  6006 | D:6      | Reached skill level 5 in Armour
  6017 | D:6      | Reached skill level 7 in Long Blades
  6128 | D:7      | Noticed Menkaure
  6230 | D:7      | Found a shimmering altar of Xom.
  6313 | D:7      | Killed Menkaure
  6590 | D:7      | Noticed Duvessa
  6603 | D:7      | Killed Duvessa
  6606 | D:7      | Noticed Dowan
  6618 | D:7      | Killed Dowan
  6622 | D:7      | Reached XP level 9. HP: 69/72 MP: 11/11
  7448 | D:8      | Noticed a two-headed ogre
  7605 | D:8      | Reached skill level 5 in Fighting
  7617 | D:8      | Noticed Pikel
  7641 | D:8      | Killed Pikel
  7641 | D:8      | Reached skill level 8 in Long Blades
  7641 | D:8      | Reached skill level 5 in Shields
  7745 | D:8      | Reached skill level 5 in Dodging
  7782 | D:8      | Noticed Grum
  7793 | D:8      | Killed Grum
  8239 | D:8      | Reached XP level 10. HP: 73/81 MP: 13/13
  8265 | D:8      | Noticed a two-headed ogre
  8276 | D:8      | Killed a two-headed ogre
  8899 | D:9      | Found a staircase to the Lair.
  8954 | D:9      | Found a staircase to the Orcish Mines.
  9290 | D:9      | Noticed a two-headed ogre
  9292 | D:9      | Noticed a two-headed ogre
  9294 | D:9      | Noticed a two-headed ogre
  9309 | D:9      | Killed a two-headed ogre
  9309 | D:9      | Reached skill level 9 in Long Blades
  9312 | D:9      | Killed a two-headed ogre
  9480 | D:9      | Killed a two-headed ogre
  9480 | D:9      | Reached skill level 1 in Evocations
  9624 | D:9      | Noticed a two-headed ogre
  9624 | D:9      | Noticed a two-headed ogre
  9625 | D:9      | Noticed a two-headed ogre
  9625 | D:9      | Noticed Erolcha
  9629 | D:9      | Killed Erolcha
  9629 | D:9      | Reached XP level 11. HP: 65/89 MP: 15/15
  9638 | D:9      | Killed a two-headed ogre
  9644 | D:9      | Killed a two-headed ogre
  9656 | D:9      | Killed a two-headed ogre
  9768 | D:10     | Entered Level 10 of the Dungeon
 10161 | D:10     | Reached skill level 10 in Long Blades
 10252 | D:10     | Gained mutation: You can translocate small distances at will. [mutagenic meat]
 10254 | D:10     | Gained mutation: Your body sometimes deteriorates upon taking damage. [mutagenic meat]
 12109 | D:12     | Noticed Azrael
 12112 | D:12     | Noticed Maurice
 12285 | D:12     | Killed Maurice
 12436 | D:12     | Noticed a death knight
 12505 | D:9      | Reached XP level 12. HP: 90/100 MP: 17/17
 12510 | Orc:1    | Entered Level 1 of the Orcish Mines
 12510 | Orc:1    | Found Huhah's General Store.
 12571 | Orc:1    | Reached skill level 11 in Long Blades
 12593 | Orc:1    | Noticed Urug
 12637 | Orc:1    | Killed Urug
 13179 | Orc:2    | Entered Level 2 of the Orcish Mines
 13197 | Orc:2    | Found a staircase to the Elven Halls.
 13340 | Orc:2    | Noticed an ogre mage
 13340 | Orc:2    | Noticed an ogre mage
 13367 | Orc:2    | Killed an ogre mage
 13378 | Orc:2    | Noticed an ogre mage
 13384 | Orc:2    | Killed an ogre mage
 13400 | Orc:2    | Reached skill level 10 in Shields
 13408 | Orc:2    | Killed an ogre mage
 13481 | Orc:2    | Found Cack's General Store.
 13481 | Orc:2    | Found Muvar's Distillery.
 13482 | Orc:2    | Found Liump's Magic Scroll Shop.
 13482 | Orc:2    | Found Gyadi's Magic Scroll Shoppe.
 13770 | Orc:2    | Reached XP level 13. HP: 45/107 MP: 19/19
 13776 | Orc:2    | Reached skill level 12 in Long Blades
 14181 | Orc:2    | Noticed a stone giant
 14210 | Orc:2    | Killed a stone giant
 14361 | Elf:1    | Entered Level 1 of the Elven Halls
 14700 | Elf:1    | HP: 3/108 [hand axe of electrocution (15)]
 14706 | Elf:1    | HP: 3/108 [hand axe of electrocution (10)]
 14740 | Orc:2    | Bought a potion of heal wounds for 65 gold pieces
 14741 | Orc:2    | Bought a scroll of enchant weapon for 75 gold pieces
 14742 | Orc:2    | Bought a scroll of blinking for 97 gold pieces
 14743 | Orc:2    | Bought a scroll of enchant weapon for 90 gold pieces
 14956 | Lair:1   | Entered Level 1 of the Lair of Beasts
 15062 | Lair:1   | Got a faintly humming leather armour
 15073 | Lair:1   | Identified the +1 leather armour "Cyoho" {rC- Str+4 Int+2 Stlth+} (You found it on level 1 of the Lair of Beasts)
 15220 | Temple   | Entered the Ecumenical Temple
 15384 | Lair:1   | Noticed Prince Ribbit
 15412 | Lair:1   | Killed Prince Ribbit
 15509 | Lair:1   | Got a distressingly furry leather armour
 15525 | Lair:1   | Identified the cursed +0 leather armour of Life {rC++ MP+9} (You found it on level 1 of the Lair of Beasts)
 15750 | Lair:1   | Got a polished dagger
 15751 | Lair:1   | Identified the cursed +2 dagger "Xott" {pierce, Int+6} (You found it on level 1 of the Lair of Beasts)
 15754 | Lair:1   | Noticed Joseph
 15767 | Lair:1   | Killed Joseph
 16043 | Lair:2   | Noticed a spark wasp
 16043 | Lair:2   | a six-headed hydra changed into a spark wasp
 16068 | Lair:2   | Killed from afar by a spark wasp

Vault maps used:
D:1:      tarquinn_simple_flora_water_e
D:2:      lemuel_round_altar, gammafunk_temple_overflow_pools
D:3:      kennysheep_goblin_castle, nemelex_xobeh_ov_fountains_minmay,
          first_bread, portal_sewer_entry_b
D:5:      zin_scriptorium, lemuel_doored_altar
D:6:      hangedman_cross_stitches
D:7:      minmay_fountain_box, lemuel_statue_altar, uniq_menkaure, uniq_duvessa
D:8:      blue_anna_alchemist, uniq_pikel, uniq_grum
D:9:      lemuel_ogre_cave, orc_0_dummy
D:11:     hangedman_decor_diamond_cutter
D:12:     uniq_azrael, uniq_maurice, uniq_harold, uniq_fannar
Temple:   regret_index_temple_generic_petals
Lair:1:   beast_lair_carwin_9, uniq_joseph, uniq_prince_ribbit2
Lair:2:   special_room, beast_lair_carwin_10, grunt_megastairs_1
Orc:1:    serial_shops, shop_coins, uniq_urug
Orc:2:    st_orc_ogre_mass
Elf:1:    elf_arrival_002, hangedman_corner_corridor, small_statue_intersection,
          hangedman_elf_power_crystal
Sewer:    sewer_frog_island_02

Skill      XL: |  1  2  3  4  5  6  7  8  9 10 11 12 13 |
---------------+----------------------------------------+-----
Dodging        | 3 4 5 6 7 |  7.4
Long Blades    | 3 4 5 6 7 8 9 10 11 12 | 12.4
Armour         | 1 2 3 4 5 6 7 8 9 |  9.4
Fighting       | 2 3 4 5 6 7 8 |  8.7
Shields        | 1 3 6 7 8 10 | 10.7
Evocations     | 1 3 |  3.3
Throwing       | |  1.8
Stealth        | |  0.2

Action                   |  1- 3 |  4- 6 |  7- 9 | 10-12 | 13-15 || total
-------------------------+-------+-------+-------+-------+-------++-------
Melee: Long sword        |   125 |   231 |   430 |   722 |   219 ||  1727
       Headbutt          |       |    64 |   130 |   289 |    71 ||   554
Throw: Throwing net      |     1 |       |       |       |       ||     1
       Tomahawk          |       |       |       |       |     1 ||     1
Evoke: Wand              |       |       |       |    20 |     4 ||    24
  Use: Scroll            |     3 |     4 |     8 |    14 |    10 ||    39
       Potion            |       |     5 |     8 |     2 |     6 ||    21
 Stab: Sleeping          |     5 |       |       |       |       ||     5
       Invisible         |       |       |       |     4 |       ||     4
       Confused          |       |       |       |     5 |     3 ||     8
  Eat: Chunk             |     3 |     8 |    21 |    24 |     7 ||    63
       Fruit             |       |       |       |       |     1 ||     1
Armor: Leather armour    |    32 |    18 |       |       |       ||    50
       Scale mail        |       |    87 |   157 |   136 |       ||   380
       Skin              |       |       |    27 |       |       ||    27
       Plate armour      |       |       |       |    14 |    81 ||    95
Dodge: Dodged            |    85 |   214 |   241 |   284 |    68 ||   892
Block: Shield            |       |       |   197 |   396 |   133 ||   726
       Rpst.: Long sword |    27 |    58 |    75 |    74 |    16 ||   250
